Map: Ephemeron LE

Players

Stephano - Winner!

  • Race: Zerg Zerg
  • Spawn Location: 5:00

TIME (Oliveira)

  • Race: Terran Terran
  • Spawn Location: 11:00

VOD

Have the link to the VOD?

Description

Time

  • Played on: Sept. 6, 2019, 7:19 p.m.
  • Length: 14:55
Show
View Real Time Build Order
Export as new Build Order

Stephano Zerg - Winner!

Build Orders: Hatch First 

Get SALT Encoding   

  12  0:00  Drone  
  13  0:12  Overlord  
  13  0:16  Drone  
  14  0:30  Drone x2  
  16  0:47  Hatchery  
  15  0:51  Drone  
  15  0:54  Drone  
  17  0:58  Drone  
  18  1:09  Extractor  
  17  1:13  Spawning Pool  
  17  1:16  Drone  
  17  1:20  Drone  
  18  1:29  Drone  
  19  1:39  Drone  
  20  1:49  Drone  
  21  1:59  Queen x2  
  21  2:00  Zergling x4  
  27  2:10  Overlord  
  27  2:11  Drone  
  28  2:21  Hatchery  
  27  2:24  Drone  
  28  2:30  Drone  
  28  2:32  Drone  
  28  2:34  Drone  
  31  2:39  Queen  
  33  2:48  Overlord  
  33  2:50  Metabolic Boost  
  33  2:54  Drone x2  
  35  2:59  Drone  
  36  3:12  Drone x5  
  41  3:15  Queen  
  41  3:17  Overlord  
  43  3:22  Drone  
  44  3:27  Overlord  
  44  3:32  Queen  
  46  3:37  Drone x3  
  46  3:40  Queen  
  51  3:43  Drone  
  51  3:44  Zergling x2  
  51  3:45  Zergling x2  
  54  3:49  Overlord  
  54  3:53  Queen  
  56  3:55  Drone  
  56  3:59  Drone  
  56  4:01  Drone x2  
  60  4:04  Drone x2  
  60  4:05  Drone  
  63  4:10  Overlord  
  63  4:12  Overlord  
  63  4:14  Drone  
  63  4:15  Drone  
  63  4:16  Drone  
  65  4:21  Overlord  
  65  4:26  Drone x2  
  65  4:28  Evolution Chamber x2  
  65  4:29  Overlord  
  65  4:32  Zergling x6  
  68  4:38  Overlord  
  68  4:39  Overlord  
  68  4:44  Spore Crawler, Drone  
  68  4:45  Spore Crawler, Drone  
  69  4:50  Queen x2  
  72  4:53  Overlord  
  72  4:59  Drone x3  
  75  5:01  Zerg Ground Armor Level 1  
  75  5:02  Spore Crawler  
  74  5:07  Zergling x8  
  74  5:11  Zerg Melee Weapons Level 1  
  78  5:26  Zergling x24  
  90  5:32  Overlord  
  90  5:35  Drone x2  
  90  5:38  Lair  
  88  5:43  Extractor x2  
  88  5:46  Drone x5  
  91  5:52  Hatchery  
  91  5:55  Drone x4  
  93  6:00  Drone x2  
  95  6:07  Baneling Nest  
  95  6:08  Drone x6  
  99  6:14  Extractor  
  99  6:15  Extractor  
  96  6:31  Overlord  
  96  6:32  Overlord, Drone x2  
  98  6:33  Overlord, Hatchery  
  97  6:41  Drone  
  97  6:42  Zergling x2  
  97  6:43  Zergling x18  
  108  6:50  Centrifical Hooks, Drone  
  109  6:57  Zerg Ground Armor Level 2  
  109  7:00  Hatchery  
  107  7:02  Baneling x5  
  107  7:03  Baneling x3  
  107  7:05  Drone x8  
  115  7:15  Zergling x18  
  123  7:25  Zergling x6  
  123  7:29  Zerg Melee Weapons Level 2  
  124  7:31  Hatchery  
  124  7:32  Infestation Pit  
  124  7:35  Drone x2  
  124  7:36  Overlord, Drone x2  
  126  7:37  Overlord  
  126  7:38  Spore Crawler, Pneumatized Carapace  
  126  7:41  Extractor  
  124  7:45  Zergling x18  
  124  7:50  Spore Crawler  
  124  7:51  Zergling x8  
  134  8:06  Overlord  
  134  8:07  Zergling x14  
  134  8:08  Zergling x10  
  134  8:10  Baneling x7  
  143  8:15  Hive  
  143  8:16  Drone x3  
  143  8:17  Drone x3  
  142  8:20  Zergling x8  
  138  8:37  Zergling x32  
  154  8:50  Baneling x9  
  151  9:03  Zergling x34  
  168  9:13  Drone x7  
  174  9:30  Zergling x4  
  174  9:31  Zergling x28, Zerg Ground Armor Level 3  
  187  9:34  Hatchery  
  187  9:35  Ultralisk Cavern  
  185  9:49  Zerg Melee Weapons Level 3  
  179  9:56  Zergling x26  
  179  9:58  Overlord  
  179  9:59  Overseer  
  167  10:00  Overseer  
  167  10:01  Zergling x16  
  175  10:07  Drone x2  
  175  10:08  Drone x2  
  175  10:12  Overlord x2  
  178  10:18  Zergling x12  
  164  10:26  Chitinous Plating  
  164  10:27  Ultralisk x2  
  158  10:31  Ultralisk  
  158  10:32  Zergling x10  
  159  10:36  Baneling x9  
  159  10:42  Zergling x16  
  162  10:47  Zergling x14  
  166  10:56  Zergling x2  
  166  10:57  Zergling x20  
  174  11:07  Adrenal Glands  
  174  11:09  Drone x3  
  174  11:10  Drone x3, Extractor  
  175  11:20  Zergling x26  
  165  11:26  Ultralisk  
  165  11:27  Zergling x2, Ultralisk  
  171  11:32  Baneling  
  171  11:33  Baneling x13  
  171  11:41  Zergling x22  
  171  11:44  Anabolic Synthesis  
  182  11:52  Zergling x28  
  178  12:01  Ultralisk  
  155  12:08  Ultralisk x2  
  159  12:09  Zergling x4  
  159  12:14  Baneling x2  
  159  12:15  Baneling x12  
  161  12:27  Ultralisk  
  167  12:33  Overseer, Hatchery  
  167  12:34  Overseer  
  166  12:46  Ultralisk x3  
  184  12:53  Extractor  
  183  12:58  Zergling x22  
  183  12:59  Zergling x12  
  194  13:08  Zergling x10  
  194  13:09  Zergling x8  
  198  13:17  Zergling x10  
  193  13:32  Zergling x20  
  199  13:38  Zergling x6  
  199  13:42  Spire x2  
  199  13:44  Hatchery  
  199  13:46  Baneling  
  199  13:47  Baneling  
  197  13:49  Zergling x4  
  197  13:54  Overseer x2  
  198  13:58  Zergling x6  
  190  14:15  Zergling x34  
  185  14:34  Zergling x12  
Show
View Real Time Build Order
Export as new Build Order

TIME Terran 

Build Orders: Hellion Opening, Reaper Expand 

Get SALT Encoding   

  12  0:01  SCV  
  13  0:13  SCV  
  14  0:17  Supply Depot  
  14  0:25  SCV  
  15  0:38  SCV  
  15  0:40  Barracks  
  16  0:44  Refinery  
  16  0:50  SCV  
  17  1:03  SCV  
  18  1:15  SCV  
  19  1:28  Orbital Command, Reaper  
  20  1:39  Command Center  
  20  1:49  Supply Depot  
  20  1:53  SCV  
  21  1:59  Marine  
  22  2:05  SCV  
  22  2:08  Factory  
  23  2:13  Refinery  
  23  2:17  SCV  
  23  2:21  Barracks Reactor  
  24  2:29  SCV  
  25  2:42  SCV  
  26  2:52  Orbital Command  
  26  2:54  SCV, Starport  
  27  3:00  Hellion  
  27  3:01  Hellion  
  27  3:04  Marine  
  32  3:06  SCV  
  33  3:15  Supply Depot  
  33  3:17  SCV  
  33  3:18  SCV  
  35  3:22  Hellion x2  
  39  3:29  SCV  
  39  3:30  Viking  
  42  3:35  SCV  
  42  3:39  Supply Depot  
  43  3:41  SCV  
  43  3:43  Hellion  
  43  3:46  Hellion  
  43  3:48  SCV  
  49  3:55  SCV  
  49  4:00  SCV, Medivac  
  53  4:05  Hellion  
  53  4:06  Supply Depot  
  53  4:07  Hellion  
  53  4:09  Armory  
  57  4:11  SCV  
  57  4:15  SCV  
  59  4:19  Barracks Tech Lab  
  59  4:23  SCV  
  60  4:27  SCV  
  61  4:35  SCV  
  61  4:36  Command Center  
  62  4:39  SCV  
  62  4:41  Marine, Factory Tech Lab  
  62  4:44  Stimpack, Supply Depot  
  64  4:48  SCV  
  65  4:54  Starport Reactor  
  65  4:57  Barracks  
  65  4:58  SCV, Barracks  
  65  4:59  Marine  
  67  5:02  Siege Tank  
  67  5:05  SCV  
  71  5:08  Supply Depot  
  71  5:17  Marine  
  72  5:26  Refinery, Engineering Bay  
  72  5:27  SCV, Refinery, Engineering Bay  
  72  5:28  Hellion x4  
  73  5:35  Marine  
  70  5:36  SCV  
  70  5:37  Siege Tank  
  68  5:42  SCV  
  68  5:44  Marine  
  68  5:45  Marine, Starport Reactor  
  68  5:48  Orbital Command  
  70  5:53  Marine  
  70  5:54  Marine x2  
  73  6:02  Marine x2  
  73  6:04  SCV  
  73  6:05  Terran Infantry Armor Level 1, Terran Infantry Weapons Level 1  
  73  6:09  Barracks  
  73  6:11  Marine, SCV  
  73  6:12  Marine  
  73  6:14  Siege Tank  
  73  6:16  Barracks  
  73  6:17  SCV  
  73  6:18  Orbital Command  
  76  6:20  Marine x2  
  76  6:22  Medivac  
  76  6:23  SCV  
  76  6:24  Marine, Medivac  
  83  6:28  Supply Depot  
  83  6:29  Marine  
  83  6:30  Combat Shield  
  83  6:32  Marine  
  85  6:36  SCV x2  
  85  6:38  Marine  
  85  6:39  Marine  
  89  6:44  SCV  
  90  6:48  SCV x2  
  90  6:50  Supply Depot  
  90  6:52  Factory  
  90  6:54  Factory Reactor  
  92  6:55  Marine x2  
  92  6:56  SCV  
  92  7:00  Marine, SCV  
  97  7:01  Barracks Reactor  
  97  7:02  SCV  
  97  7:05  Barracks Reactor  
  97  7:06  Supply Depot, Refinery  
  97  7:08  SCV  
  99  7:11  Marine  
  99  7:14  Marine  
  99  7:15  SCV  
  102  7:17  Medivac x2  
  102  7:19  Marine  
  102  7:22  Marine  
  108  7:24  SCV  
  108  7:26  Marine  
  110  7:31  Marine x2  
  110  7:33  SCV x2, Widow Mine x2  
  110  7:36  SCV  
  110  7:37  Supply Depot  
  118  7:38  Marine  
  118  7:41  Drilling Claws, Supply Depot  
  118  7:42  Marine, Widow Mine  
  118  7:43  Marine x2  
  124  7:45  SCV  
  124  7:49  Terran Vehicle And Ship Armor Level 1  
  124  7:50  Command Center  
  125  7:58  Marine x4, Widow Mine x2  
  131  8:00  Marine  
  131  8:02  SCV, Medivac  
  131  8:03  Terran Infantry Weapons Level 2  
  134  8:10  Terran Infantry Armor Level 2, SCV  
  134  8:12  Marine  
  136  8:14  Marine  
  136  8:15  Widow Mine  
  136  8:17  Marine  
  136  8:19  SCV  
  138  8:20  Marine x2, Widow Mine  
  138  8:22  Supply Depot  
  138  8:23  Marine, Supply Depot  
  133  8:31  Marine x3  
  133  8:32  Widow Mine  
  133  8:33  Medivac  
  135  8:36  Supply Depot  
  135  8:37  Marine x2  
  135  8:39  Marine  
  138  8:42  Marine  
  138  8:43  Marine  
  138  8:44  Marine  
  141  8:48  Marine  
  141  8:49  Barracks  
  141  8:50  Barracks  
  141  8:51  Barracks  
  141  8:52  Marine  
  143  9:00  Marine  
  143  9:01  Widow Mine x2  
  143  9:02  Widow Mine  
  149  9:04  Marine  
  149  9:06  Medivac x2  
  149  9:08  Marine x2  
  156  9:12  SCV x2  
  156  9:13  SCV  
  156  9:16  Marine  
  160  9:19  Marine  
  160  9:22  Marine  
  160  9:23  Widow Mine  
  156  9:26  Widow Mine x2  
  156  9:27  Marine x5  
  156  9:28  Marine  
  156  9:30  Planetary Fortress  
  164  9:33  SCV  
  164  9:36  Marine  
  164  9:37  Barracks Tech Lab  
  164  9:38  Barracks Tech Lab x2  
  166  9:39  Marine  
  166  9:43  Marine  
  167  9:46  Marine  
  167  9:48  Marine, Widow Mine  
  167  9:49  Marine  
  162  9:59  Marine x7  
  140  10:01  Widow Mine x2  
  140  10:02  Medivac x2  
  140  10:04  Marine  
  149  10:09  Command Center  
  149  10:10  Marine  
  150  10:16  Marine x2, Liberator  
  150  10:18  Liberator, Marauder  
  150  10:19  Widow Mine  
  150  10:20  Marine  
  136  10:28  Marine x3  
  136  10:29  Marauder x2  
  136  10:30  Marine, Widow Mine x2  
  136  10:34  Marine  
  133  10:39  Marine  
  133  10:40  Marauder, Refinery  
  136  10:46  Widow Mine  
  136  10:49  Marine, Command Center  
  139  10:53  Marine x2  
  139  10:54  Marauder  
  139  10:56  Marine x2, Marauder, Sensor Tower  
  144  10:58  Marine, Marauder, Widow Mine x2  
  144  11:02  Concussive Shells  
  144  11:03  Marine, Marauder  
  152  11:07  Marine  
  153  11:11  Marine x2  
  153  11:15  Liberator, Marauder  
  153  11:17  SCV  
  153  11:18  SCV, Marauder  
  153  11:27  Marine x2, Marauder  
  153  11:29  Marine x2  
  153  11:30  Marine, Marauder  
  153  11:31  Widow Mine  
  153  11:32  Widow Mine x2  
  157  11:33  Terran Vehicle And Ship Armor Level 2  
  157  11:35  Fusion Core, Starport x2  
  157  11:36  Marauder  
  157  11:37  Marine, Refinery  
  157  11:38  Refinery  
  160  11:40  Marine  
  160  11:41  Marauder  
  163  11:50  Marine x2  
  163  11:51  Marauder  
  163  11:53  SCV, Widow Mine x2  
  165  11:57  SCV  
  165  11:58  Marine x3  
  165  11:59  SCV, Marauder  
  165  12:00  SCV  
  159  12:01  Marine  
  159  12:02  Liberator x2  
  159  12:05  SCV  
  152  12:20  Starport Reactor, Starport Tech Lab  
  158  12:23  SCV  
  158  12:24  SCV x2  
  158  12:26  Liberator  
  158  12:28  Marauder  
  162  12:31  Widow Mine  
  162  12:32  Widow Mine  
  166  12:38  Marine, Marauder x2  
  166  12:42  Liberator, Advanced Ballistics  
  174  12:47  Planetary Fortress  
  174  13:01  Liberator  
  174  13:04  SCV  
  178  13:07  SCV  
  178  13:09  Liberator  
  178  13:10  Marine x2  
  178  13:11  Marauder  
  167  13:12  Marine  
  167  13:13  Marine  
  167  13:16  Liberator  
  165  13:21  Command Center  
  165  13:25  Marauder  
  148  13:34  SCV  
  148  13:35  SCV  
  148  13:39  Marine, Widow Mine  
  150  13:42  Marine  
  150  13:46  Marine  
  150  13:47  Marine  
  152  13:50  Marine x2  
  152  13:55  Marine  
  155  13:57  Marine  
  155  14:02  Marine x2  
  148  14:07  Marine x2  
  148  14:09  Marine  
  131  14:17  Marine  
  131  14:18  Marauder x2  
  131  14:19  Marine  
  131  14:20  Widow Mine  
  123  14:27  Marine x2  
  123  14:30  Marine  
Tags
 
Add a new tag
Caveats
  • Supply blocks, unpowered buildings, or Contaminate may cause inaccurate times.
  • Supply counts are checked every 10 seconds.